Map: Bridgehead LE (Void)

Players

SticklerMac

  • Race: Zerg Zerg
  • League: Silver

Bumbo - Winner!

  • Race: Zerg Zerg
  • League: Silver

VOD

Have the link to the VOD?

Description

Time

  • Played on: Sept. 20, 2015, 10:17 a.m.
  • Length: 8:16
Show
View Real Time Build Order
Export as new Build Order

SticklerMac Zerg 

Build Orders: Pool First 

Get SALT Encoding   

  12  0:01  Drone  
  13  0:09  Drone  
  14  0:17  Overlord  
  14  0:34  Spawning Pool  
  13  0:36  Drone  
  13  0:40  Drone  
  15  0:46  Drone, Extractor  
  15  0:50  Drone  
  16  1:15  Hatchery  
  16  1:17  Drone  
  16  1:21  Drone  
  17  1:26  Drone  
  17  1:30  Drone  
  19  1:41  Queen  
  21  1:48  Overlord  
  21  1:56  Drone  
  21  2:00  Metabolic Boost  
  22  2:05  Overlord  
  22  2:14  Zergling x2  
  23  2:22  Queen  
  23  2:28  Queen  
  27  2:32  Drone  
  27  2:35  Drone  
  29  2:43  Zergling x4  
  31  2:47  Drone  
  31  2:48  Drone  
  33  2:55  Baneling Nest  
  32  3:00  Drone x2  
  34  3:07  Drone x2  
  34  3:08  Drone  
  36  3:18  Zergling x6  
  39  3:33  Zergling x8  
  43  3:38  Zergling x4  
  43  3:39  Zergling x2  
  44  3:47  Baneling x2  
  44  3:48  Baneling x4  
  44  3:49  Overlord  
  44  3:50  Overlord  
  44  4:06  Overlord  
  44  4:07  Overlord  
  44  4:20  Zergling x14  
  44  4:21  Zergling x8  
  53  4:42  Zergling x2  
  53  4:43  Zergling x16  
  54  4:57  Zergling x2  
  54  4:58  Zergling x8  
  53  5:05  Drone  
  52  5:14  Roach Warren  
  52  5:15  Extractor  
  52  5:16  Extractor  
  52  5:17  Zergling x4  
  51  5:29  Drone x2  
  51  5:32  Drone  
  54  5:35  Drone  
  54  5:40  Drone x2  
  57  6:03  Zergling x14  
  60  6:15  Roach  
  60  6:16  Roach x7  
  75  6:21  Lair  
  75  6:24  Overlord x3  
  75  6:33  Overlord  
  75  6:34  Overlord  
  75  6:52  Roach x5  
  75  6:53  Roach  
  87  7:03  Roach x3  
  87  7:05  Roach  
  87  7:08  Roach  
  92  7:28  Roach  
  92  7:29  Roach x5  
  88  7:40  Roach x3  
  88  7:41  Roach  
  96  7:59  Drone x4  
Show
View Real Time Build Order
Export as new Build Order

Bumbo Zerg - Winner!

Build Orders: Pool First 

Get SALT Encoding   

  12  0:01  Drone  
  13  0:08  Drone  
  14  0:17  Overlord  
  14  0:25  Drone, Extractor  
  15  0:35  Drone x2  
  17  0:45  Drone  
  18  0:55  Spawning Pool  
  18  0:57  Drone  
  18  0:59  Extractor  
  17  1:06  Drone  
  18  1:18  Overlord  
  18  1:27  Hatchery  
  18  1:28  Drone  
  18  1:41  Queen  
  18  1:44  Drone  
  21  1:49  Drone  
  22  2:02  Drone  
  22  2:07  Metabolic Boost  
  23  2:13  Drone  
  24  2:17  Queen, Extractor  
  25  2:24  Zergling x2  
  26  2:32  Drone  
  27  2:37  Roach Warren  
  27  2:40  Zergling x2  
  27  2:46  Drone  
  28  2:55  Zergling x2  
  28  2:56  Zergling x2  
  28  2:57  Drone x3  
  33  3:18  Lair  
  33  3:20  Drone x2  
  33  3:21  Drone  
  34  3:41  Overlord  
  34  3:42  Overlord x2  
  34  3:48  Baneling Nest  
  34  3:51  Drone x2  
  35  4:01  Roach x5  
  45  4:08  Drone  
  47  4:17  Roach  
  47  4:18  Roach  
  47  4:19  Glial Reconstitution  
  47  4:22  Roach x2  
  47  4:23  Roach  
  57  4:25  Roach  
  57  4:27  Overlord  
  59  4:31  Extractor  
  59  4:32  Drone  
  59  4:33  Extractor  
  59  4:34  Drone  
  59  4:56  Roach x2  
  59  4:57  Roach x2  
  65  5:05  Overlord x2  
  61  5:10  Drone  
  61  5:11  Drone  
  63  5:17  Hydralisk Den  
  62  5:23  Roach x2  
  66  5:29  Hatchery  
  66  5:34  Drone  
  66  5:35  Drone  
  67  5:37  Overlord, Extractor  
  67  5:38  Overlord  
  67  5:39  Extractor  
  65  5:43  Drone  
  65  5:44  Drone x4  
  65  5:45  Drone  
  71  5:50  Drone x2  
  63  6:12  Roach x4  
  63  6:13  Roach x4  
  65  6:35  Drone x7  
  72  6:41  Queen  
  74  6:49  Muscular Augments  
  74  6:50  Hydralisk x2  
  74  6:51  Roach x2  
  74  6:52  Roach  
  84  6:55  Roach  
  84  6:58  Roach  
  84  7:01  Hydralisk  
  90  7:11  Drone x6  
  96  7:18  Evolution Chamber  
  95  7:28  Evolution Chamber  
  92  7:32  Evolution Chamber  
  81  7:38  Hydralisk x4, Roach  
  81  7:39  Roach x2  
  81  7:40  Roach  
  96  7:46  Drone  
  96  7:47  Drone  
  100  8:02  Drone  
  100  8:03  Drone x5  
  100  8:05  Infestation Pit  
  105  8:06  Extractor  
  105  8:08  Extractor  
Tags
 
Add a new tag
Caveats
  • Supply blocks, unpowered buildings, or Contaminate may cause inaccurate times.
  • Supply counts are checked every 10 seconds.